 Dungeon Crawl Stone Soup version 0.30-a0-862-g1aabd4f9c5 (webtiles) character file.

Game seed: 14763728792535360754

20539 ytrimaz the Tortoise (level 12, -4/121 HPs)
             Began as a Minotaur Berserker on Mar 7, 2023.
             Was a High Priest of Trog.
             Slain by an orc knight
             ... wielding a +2 broad axe of venom
              (20 damage)
             ... on level 1 of the Orcish Mines on Mar 8, 2023.
             The game lasted 00:14:13 (12770 turns).

ytrimaz the Tortoise (Minotaur Berserker)          Turns: 12770, Time: 00:14:14

Health: -4/121     AC: 22    Str: 26    XL:     12   Next: 46%
Magic:  11/11      EV:  9    Int:  4    God:    Trog [*****.]
Gold:   732        SH:  0    Dex: 11    Spells: 11/11 levels left

rFire   . . .      SeeInvis +    x - +5 battleaxe (freeze)
rCold   + + .      Faith    .    (shield currently unavailable)
rNeg    . . .      Spirit   .    h - +3 plate armour of Tomorrow {rC+}
rPois   .          Reflect  .    (helmet restricted)
rElec   .          Rampage  .    o - +1 cloak
rCorr   .                        (no gloves)
Will    .....                    (no boots) Stlth
                                 (no amulet)
HPRegen 0.40/turn                d - ring of see invisible
MPRegen 0.12/turn                u - ring of protection from cold

@: on berserk cooldown, slowed, very slow
A: horns 2, retaliatory headbutt
a: Renounce Religion, Berserk, Trog's Hand, Brothers in Arms


You were on level 1 of the Orcish Mines.
You worshipped Trog.
Trog was extremely pleased with you.
You visited 2 branches of the dungeon, and saw 13 of its levels.
You also visited: Bailey.

You collected 732 gold pieces.


Innate Abilities, Weirdness & Mutations

You have a pair of horns on your head.
You reflexively headbutt those who attack you in melee.


   Skills:
 + Level 15.2 Fighting
 + Level 12.5 Axes
 - Level 16.0 Armour
 - Level 2.1 Dodging


You had 11 spell levels left.
You didn't know any spells.
Your spell library was empty.

Inventory:

Hand Weapons
 n - a +0 hand axe of flaming
   (You took it off an orc on level 5 of the Dungeon)
 x - a +5 battleaxe of freezing (weapon)
   (You took it off a wight on level 7 of the Dungeon)
 y - a +5 battleaxe
   (You took it off a wight on level 7 of the Dungeon)
 z - a +2 hand axe of electrocution
   (You took it off an orc priest on level 7 of the Dungeon)
Missiles
 p - 3 throwing nets (quivered)
Armour
 g - a +2 kite shield of poison resistance
   (You found it on level 2 of the Dungeon)
 h - the +3 plate armour of Tomorrow (worn) {rC+}
   (You found it on level 2 of the Dungeon)

   rC:        It protects you from cold.
 o - a +1 cloak (worn)
   (You found it on level 5 of the Dungeon)
 A - +0 pearl dragon scales
   (You found it on level 8 of the Dungeon)
 B - a +0 hat of willpower
   (You took it off Gastronok on level 8 of the Dungeon)
Jewellery
 d - a ring of see invisible (left hand)
   (You found it on level 1 of the Dungeon)
 q - a +6 ring of intelligence
   (You found it on level 6 of the Dungeon)
 u - a ring of protection from cold (right hand)
   (You found it on level 7 of the Dungeon)
 D - a ring of protection from cold
   (You found it on level 9 of the Dungeon)
 F - a ring of fire
   (You found it on level 8 of the Dungeon)
 N - a ring of magical power
   (You found it on level 10 of the Dungeon)
Wands
 s - a wand of flame (18)
   (You found it on level 7 of the Dungeon)
 v - a wand of charming (9)
   (You took it off a wight on level 7 of the Dungeon)
 C - a wand of light (12)
   (You took it off a centaur on level 8 of the Dungeon)
 E - a wand of polymorph (7)
   (You found it on level 8 of the Dungeon)
 H - a wand of roots (14)
   (You found it on level 9 of the Dungeon)
 O - a wand of mindburst (9)
   (You found it on level 10 of the Dungeon)
Scrolls
 b - a scroll of enchant weapon
 c - 3 scrolls of teleportation
 f - 3 scrolls of poison
 j - 4 scrolls of magic mapping
 k - 2 scrolls of fog
 r - a scroll of silence
 w - 3 scrolls of blinking
 P - 2 scrolls of acquirement
 Q - a scroll of fear
Potions
 a - 2 potions of attraction
 e - 5 potions of brilliance
 i - 5 potions of magic
 t - 2 potions of curing
 G - a potion of lignification
 I - 2 potions of haste
 J - 4 potions of might
 K - a potion of resistance
 L - 2 potions of cancellation
 M - 3 potions of mutation

Dungeon Overview and Level Annotations

Branches:
Dungeon (12/15) Zot: 25704  Temple (0/1) D:5            Lair (0/5) D:11
    Orc (1/2) D:12 Zot: 5959  Bailey (visited)

Altars:
Ashenzari
Dithmenos
Hepliaklqana
Vehumet
Xom
The Shining One

Shops:
D:7 *

Annotations:
D:7 2 transporters, retardedninja's ghost, novice GnFi

####.#....
.#......#.......
#.......#... ... #
##>.....#........
##.##.......#........
#..............#.........#
#..[)[)...$...........
#.$<[))....#........
##.)(....@o........
##.).............
#........o...#.#
......##.o.o.##.##
......##.....oo...#
#...._..##......##ยง##
##......##....######
.......#...### ....#


You could see 2 orc knights, 2 orc warriors and 2 orcs.


Message History

You carve the hellwing like a ham!!! You freeze the hellwing.
You kill the hellwing!
The hellwing disappears in a puff of smoke!
You closely miss the orc knight. You slash the orc sorcerer!
You freeze the orc sorcerer.
You kill the orc sorcerer!
Trog accepts your kill.
Trog appreciates your killing of a magic user.
You slice the orc priest!! You freeze the orc priest!
You kill the orc priest!
Trog accepts your kill.
The orc knight closely misses you. ๐Ÿ˜จ HP[+2]
You now have 181 max hp (+3).
You regained 2 hp, and now have 79/181 hp.
Unknown command.
You slash the orc knight! You freeze the orc knight. You hit the orc.
You freeze the orc. You barely miss the orc warrior.
The orc hits you but does no damage.
The orc warrior throws a boomerang.
The boomerang misses you. The orc warrior closely misses you.
The orc knight roars a battlecry!
The orc warrior goes into a battle-frenzy!
You slash the orc knight! You freeze the orc knight.
Your headbutt misses the orc knight. You slash the orc warrior!
You freeze the orc warrior. You barely miss the orc.
You are no longer berserk.
You are exhausted.
You feel yourself slow down. The orc completely misses you.
The orc warrior hits you but does no damage.
The orc knight hits you with a +0 great mace!
* * * LOW HITPOINT WARNING * * *
๐Ÿ˜จ HP[-33]
You now have 121 max hp (-60).
You slice the orc knight!! You freeze the orc knight! You barely miss the orc.
You hit the orc warrior. You freeze the orc warrior. You slash the orc warrior!
You freeze the orc warrior.
You kill the orc warrior!
Trog accepts your kill.
You hit the orc knight but do no damage.
The orc knight hits you but does no damage.
You are poisoned.
The orc hits you but does no damage.
The orc warrior hits you with a +1 heavy hand axe!
* * * LOW HITPOINT WARNING * * *
The orc warrior throws a boomerang.
The boomerang hits you but does no damage.
The orc knight hits you with a +0 great mace!!
* * * LOW HITPOINT WARNING * * *
๐Ÿ˜ฑ HP[-41]
You take 41 damage, and now have 5/121 hp.
MASSIVE DAMAGE!! (PAUSE)
You feel much better.
You feel very sick.
The orc knight hits you with a +2 broad axe of venom!!
* * * LOW HITPOINT WARNING * * *
The orc hits you but does no damage. The orc barely misses you.
The orc knight hits you but does no damage.
The orc warrior hits you with a +1 heavy hand axe.
* * * LOW HITPOINT WARNING * * *
The orc hits you but does no damage.
The orc knight hits you but does no damage.
You are lethally poisoned!
The orc hits you but does no damage. The orc knight barely misses you.
Blink to where?
Press: ? - help, Dir - move target
As you read the scroll of blinking, it crumbles to dust.
* * * LOW HITPOINT WARNING * * *
You feel very sick. ๐Ÿ˜ฑ HP[-4]
You take 4 damage, and now have 1/121 hp.
You feel better.
The orc knight no longer looks unusually strong.
The orc no longer looks unusually strong.
The orc warrior throws a boomerang.
The boomerang hits you but does no damage.
The orc knight roars a battlecry!
The orc goes into a battle-frenzy!
The orc knight roars a battlecry!
The orc knight goes into a battle-frenzy! ๐Ÿ˜ฑ HP[+12]
You regained 12 hp, and now have 13/121 hp.
Unknown command.
The orc warrior throws a boomerang.
The boomerang closely misses you. ๐Ÿ˜ฑ HP[+1]
The orc no longer looks unusually strong.
The orc warrior no longer looks unusually strong. ๐Ÿ˜ฑ HP[+1]
The orc knight roars a battlecry!
The orcs go into a battle-frenzy!
Blink to where?
Press: ? - help, Dir - move target
As you read the scroll of blinking, it crumbles to dust.
The orc knight unwields a +0 great mace.
The orc knight wields a +2 heavy arbalest.
The orc knight shoots a bolt.
The bolt closely misses you. ๐Ÿ˜ฑ HP[+1]
The orc knight attacks as you move away!
The orc knight hits you with a +2 broad axe of venom!!
You die...

Skill      XL: |  1  2  3  4  5  6  7  8  9 10 11 12 |
---------------+-------------------------------------+-----
Fighting       | 4 5 8 10 14 15 | 15.2
Axes           | 4 5 6 7 8 9 11 12 | 12.5
Armour         | 4 5 6 7 10 13 15 16 | 16.0
Dodging        | |  2.1

Action                     |  1- 3 |  4- 6 |  7- 9 | 10-12 || total
---------------------------+-------+-------+-------+-------++-------
  Melee: Hand axe          |    77 |    89 |   321 |   191 ||   678
         Headbutt          |     4 |    12 |    60 |    81 ||   157
         Punch             |     1 |     1 |     2 |     5 ||     9
         Battleaxe         |       |       |       |   176 ||   176
 Invoke: Berserk           |     1 |       |     4 |     6 ||    11
         Trog's Hand       |       |       |     1 |     5 ||     6
         Brothers in Arms  |       |       |       |     1 ||     1
    Use: Scroll            |     3 |     5 |     6 |    10 ||    24
         Potion            |       |     1 |     1 |     5 ||     7
 Armour: Animal skin       |     5 |       |       |       ||     5
         Plate armour      |    27 |    55 |   183 |   312 ||   577
  Dodge: Dodged            |    43 |    34 |   122 |   236 ||   435

Levels and vault maps discovered:
D:1:      psy_arrival_radial02, layout_basic,
          hellmonk_ecumenical_altar_dog_temple, kennysheep_small_spiral
D:2:      layout_loops_cross, minivault_25
D:3:      layout_loops_ring, serial_undead, serial_undead_b, serial_undead_e,
          serial_undead_b, serial_undead_a, chequers_mini_garden, st_stairs_13,
          uniq_jessica
D:4:      layout_basic, tso_altar, uniq_natasha, uniq_sigmund
D:5:      minmay_chambers_of_threes, layout_basic, marbit_many_paths,
          temple_doors_e, eino_curves_04, chequers_serial_rivers_large_b,
          ebering_dispersal_statue_hall, minmay_strange_pillars
D:6:      cheibrodos_barr_body, layout_basic, mainiacjoe_overflow_chevrons,
          mainiacjoe_overflow_surrounded_room
D:7:      nicolae_cairo_tiling_large_dashed, layout_loops_ring, serial_shops,
          shop_statue, gammafunk_ghost_hive, kb_rosetta
D:8:      layout_basic, st_stairs_14, uniq_gastronok
D:9:      layout_rooms, lemuel_crystal_altar, kennysheep_mini
D:10:     layout_roguey, enter_bailey_5, eino_tiny_chamber, uniq_erolcha
D:11:     layout_irregular_city, lair_entry_dummy, uniq_harold
D:12:     layout_long_grid, david_orc_5
Orc:1:    layout_diamond_mine, basic_altar, serial_shops, shop_statue,
          nicolae_shop_stone

Notes
Turn   | Place    | Note
-------+----------+-------------------------------------------
     0 | D:1      | ytrimaz the Minotaur Berserker began the quest for the Orb.
     0 | D:1      | Reached XP level 1. HP: 19/19 MP: 0/0
     0 | D:1      | magus.rc [v1.9.6]
   126 | D:1      | Reached skill level 4 in Fighting
   126 | D:1      | Reached skill level 4 in Axes
   129 | D:1      | Reached XP level 2. HP: 26/27 MP: 1/1
   204 | D:1      | Found a faded altar of an unknown god.
  1041 | D:2      | Identified the +3 plate armour of Tomorrow {rC+}
  1313 | D:2      | Reached XP level 3. HP: 30/34 MP: 2/2
  1318 | D:2      | Reached ** piety under Trog
  1620 | D:3      | Reached skill level 3 in Armour
  1661 | D:3      | Noticed a bullfrog
  1671 | D:3      | Killed a bullfrog
  1672 | D:3      | Reached skill level 5 in Axes
  1672 | D:3      | Reached skill level 4 in Armour
  1672 | D:3      | Reached XP level 4. HP: 29/41 MP: 3/3
  1672 | D:3      | Reached XP level 5. HP: 33/47 MP: 4/4
  1678 | D:3      | HP: 11/47 [orc/+0 morningstar (3)]
  1679 | D:3      | HP: 3/47 [orc/+0 morningstar (5)]
  1969 | D:3      | Reached skill level 6 in Axes
  2130 | D:3      | Noticed Jessica
  2134 | D:3      | Killed Jessica
  2135 | D:3      | Reached skill level 5 in Armour
  2304 | D:3      | Reached XP level 6. HP: 53/53 MP: 5/5
  2486 | D:4      | Noticed a water moccasin
  2498 | D:4      | Killed a water moccasin
  2628 | D:4      | Reached skill level 7 in Axes
  2628 | D:4      | Reached skill level 6 in Armour
  2698 | D:4      | Noticed Natasha
  2704 | D:4      | Killed Natasha
  2774 | D:4      | Reached *** piety under Trog
  2775 | D:4      | Reached XP level 7. HP: 55/60 MP: 6/6
  2807 | D:4      | Noticed Sigmund
  2825 | D:4      | Killed Sigmund
  2962 | D:4      | Reached skill level 8 in Axes
  2962 | D:4      | Reached skill level 7 in Armour
  3082 | D:4      | Noticed Natasha
  3098 | D:4      | Killed Natasha
  3101 | D:4      | Noticed Natasha
  3109 | D:4      | Killed Natasha
  3212 | D:4      | Found a glowing golden altar of the Shining One.
  3230 | D:5      | Entered Level 5 of the Dungeon
  3572 | D:5      | Found a staircase to the Ecumenical Temple.
  3656 | D:5      | Reached XP level 8. HP: 60/67 MP: 7/7
  3658 | D:5      | Reached skill level 8 in Armour
  3688 | D:5      | Reached skill level 9 in Axes
  3720 | D:5      | Reached skill level 9 in Armour
  4283 | D:5      | Reached skill level 10 in Armour
  4388 | D:5      | Reached skill level 5 in Fighting
  4648 | D:5      | Found a hazy altar of Hepliaklqana.
  4895 | D:6      | Reached XP level 9. HP: 55/75 MP: 8/8
  4898 | D:6      | Reached **** piety under Trog
  5033 | D:6      | Identified the +7 short sword "Nedghoxeo" {flame, MP+9
                  | Str+2 Dex-5}
  5075 | D:6      | Noticed a cyan ugly thing
  5083 | D:6      | Killed a cyan ugly thing
  5084 | D:6      | Reached skill level 6 in Fighting
  5084 | D:6      | Reached skill level 11 in Armour
  5259 | D:6      | Reached skill level 12 in Armour
  5431 | D:6      | Reached skill level 7 in Fighting
  5482 | D:6      | Found a shadowy altar of Dithmenos.
  5830 | D:6      | Found a shimmering altar of Xom.
  6326 | D:7      | Reached skill level 13 in Armour
  6464 | D:7      | Reached skill level 8 in Fighting
  6525 | D:7      | Noticed an unseen horror
  6535 | D:7      | Killed an unseen horror
  6575 | D:7      | Found Mifuth's General Store.
  6625 | D:7      | Reached XP level 10. HP: 82/88 MP: 9/9
  6664 | D:7      | Noticed a two-headed ogre
  6675 | D:7      | Killed a two-headed ogre
  6676 | D:7      | Reached skill level 14 in Armour
  6680 | D:7      | Reached skill level 9 in Fighting
  6977 | D:7      | Found a transporter.
  6988 | D:7      | Noticed retardedninja's ghost (novice GnFi)
  7181 | D:7      | Found a transporter.
  7397 | D:7      | Noticed a gargoyle
  7406 | D:7      | Killed a gargoyle
  7560 | D:8      | Identified +0 pearl dragon scales
  7563 | D:8      | Noticed Gastronok
  7579 | D:8      | Reached skill level 15 in Armour
  7579 | D:8      | Killed Gastronok
  7580 | D:8      | Reached skill level 10 in Fighting
  8221 | D:8      | Reached XP level 11. HP: 96/101 MP: 10/10
  8355 | D:8      | You fall into a shaft and drop 2 floors!
  8355 | D:10     | Entered Level 10 of the Dungeon
  8357 | D:10     | magus.rc [v1.9.6]
  8422 | D:10     | Noticed Erolcha
  8431 | D:10     | Killed Erolcha
  8432 | D:10     | Reached skill level 16 in Armour
  8449 | D:10     | Noticed a two-headed ogre
  8457 | D:10     | Reached skill level 11 in Fighting
  8460 | D:10     | Killed a two-headed ogre
  8466 | D:10     | Reached skill level 12 in Fighting
  8475 | D:10     | Found a flagged portal.
  8484 | Bailey   | Entered a bailey
  8603 | Bailey   | Upgraded the game from 0.30-a0-860-g512cf1e979 to
                  | 0.30-a0-862-g1aabd4f9c5
  8603 | Bailey   | magus.rc [v1.9.6]
  9223 | D:9      | HP: 22/94 [komodo dragon (16)]
  9227 | D:9      | HP: 6/141 [komodo dragon (14)]
  9574 | D:9      | Found a radiant altar of Vehumet.
  9902 | D:9      | Found a broken altar of Ashenzari.
 10130 | D:10     | Reached skill level 13 in Fighting
 10400 | D:10     | Reached skill level 10 in Axes
 10566 | D:11     | Noticed Harold
 10566 | D:11     | Found a staircase to the Lair.
 10980 | D:11     | Killed Harold
 11173 | D:11     | Reached skill level 14 in Fighting
 11173 | D:11     | Reached skill level 11 in Axes
 11173 | D:11     | Reached XP level 12. HP: 112/117 MP: 11/11
 11426 | D:11     | Identified 2 scrolls of acquirement
 11631 | D:12     | Reached ***** piety under Trog
 11709 | D:12     | Found a staircase to the Orcish Mines.
 11770 | D:12     | HP: 28/118 [orc priest/divine providence (14)]
 12487 | Orc:1    | Entered Level 1 of the Orcish Mines
 12492 | Orc:1    | Reached skill level 12 in Axes
 12501 | Orc:1    | HP: 18/118 [orc priest/divine providence[an orc knight]
                  | (15)]
 12503 | Orc:1    | HP: 3/118 [orc warrior/+0 glaive (12)]
 12508 | D:12     | HP: 16/118 [orc sorcerer/+0 dagger[an orc knight] (9)]
 12510 | D:12     | Reached skill level 15 in Fighting
 12761 | Orc:1    | HP: 5/121 [orc knight/+0 great mace (29)]
 12763 | Orc:1    | HP: 1/121 [poisoned by an orc knight]
 12770 | Orc:1    | Slain by an orc knight

Vanquished Creatures
  Gastronok (D:8)
  Harold (D:11)
  Erolcha (D:10)
  A two-headed ogre (D:7)
  2 orc sorcerers
  An ugly thing (D:6)
  3 cyclopes
  3 gargoyles
  A komodo dragon (D:9)
  2 unseen horrors
  A kobold demonologist (D:10)
  8 trolls
  Sigmund (D:4)
  4 slime creatures (D:9)
  14 yaks
  2 shadows (D:11)
  2 vampires
  2 wyverns (D:10)
  2 steam dragons
  2 wargs
  5 vampire mosquitoes
  An acid dragon (D:12)
  2 water moccasins
  2 sky beasts
  8 orc warriors
  2 ice beasts (D:5)
  2 black bears (D:6)
  3 ogres
  5 centaurs
  4 bullfrogs
  2 kobold brigands
  A gnoll sergeant (D:5)
  9 scorpions
  14 wights
  14 killer bees
  2 howler monkeys
  6 hounds
  5 jellies
  12 orc priests
  A gnoll bouda (D:5)
  Jessica (D:3)
  4 sleepcaps
  Natasha (thrice) (D:4)
  8 orc wizards
  A scorpion zombie (D:3)
  A hound zombie (D:3)
  18 gnolls
  2 adders
  A shadow imp (D:6)
  4 white imps
  An ufetubus (D:6)
  2 adder zombies (D:3)
  3 worms
  4 dart slugs
  71 orcs
  A bat (D:1)
  2 endoplasms
  3 giant cockroaches
  5 goblins
  2 hobgoblins
  8 jackals
  16 kobolds
  A quokka (D:5)
  3 ball pythons
  A ball python zombie (D:3)
  5 frilled lizards
  A jackal skeleton (D:3)
  A quokka zombie (D:3)
  2 rats (D:1)
329 creatures vanquished.

Vanquished Creatures (collateral kills)
  A two-headed ogre (D:10)
  3 yaks (D:10)
4 creatures vanquished.

Vanquished Creatures (others)
  4 fungi (D:6)
  4 withered plants (D:3)
8 creatures vanquished.

Grand Total: 341 creatures vanquished

Table legend:
 A = Non-vault XP
 B = Vault XP
 C = Vault XP percentage of total XP
 D = Non-vault monster count
 E = Vault monster count
 F = Vault count percentage of total count
                 A         B        C        D         E       F
            +---------+---------+-------+---------+---------+-------
      Total |   21479 |    7863 |  26.8 |     234 |      99 |  29.7
            +---------+---------+-------+---------+---------+-------
        D:1 |      25 |       8 |  24.2 |      16 |       4 |  20.0
        D:2 |      20 |       0 |   0.0 |       9 |       0 |   0.0
        D:3 |     114 |     214 |  65.2 |      12 |      10 |  45.5
        D:4 |     505 |     278 |  35.5 |      17 |       2 |  10.5
        D:5 |     652 |     814 |  55.5 |      22 |      13 |  37.1
        D:6 |     959 |    1131 |  54.1 |      25 |      12 |  32.4
        D:7 |    2567 |    1285 |  33.4 |      26 |       4 |  13.3
        D:8 |     729 |    1687 |  69.8 |      19 |       3 |  13.6
        D:9 |    1901 |       0 |   0.0 |      11 |       0 |   0.0
       D:10 |    4319 |     849 |  16.4 |      21 |       5 |  19.2
       D:11 |    2861 |     865 |  23.2 |      18 |       1 |   5.3
       D:12 |    4616 |     439 |   8.7 |      21 |      23 |  52.3
      Orc:1 |    2211 |       0 |   0.0 |      17 |       0 |   0.0
     Bailey |       0 |     293 | 100.0 |       0 |      22 | 100.0
            +---------+---------+-------+---------+---------+-------

Illustrated notes

Table legend:
 A = Kills in this place as a percentage of kills in the entire game.
 B = Kills by you in this place as a percentage of kills by you in the entire game.
 C = Kills by friends in this place as a percentage of kills by friends in the entire game.
 D = Other kills in this place as a percentage of other kills in the entire game.
 E = Experience gained in this place as a percentage of experience gained in the entire game.
 F = Experience gained in this place divided by the number of levels of this place that you have seen.
                   A       B       C       D       E      F
               +-------+-------+-------+-------+-------+----------------------
         Total | 100.0 | 100.0 | 100.0 |   N/A | 100.0 | 2095.9
       Dungeon |  88.3 |  88.1 | 100.0 |   N/A |  91.5 | 2236.5
  Orcish Mines |   5.1 |   5.2 |   0.0 |   N/A |   7.5 | 2211.0
        Bailey |   6.6 |   6.7 |   0.0 |   N/A |   1.0 | 293.0
               +-------+-------+-------+-------+-------+----------------------

Table legend: (Time is in decaauts)
 A = Elapsed time spent in this place.
 B = Non-inter-level travel time spent in this place.
 C = Inter-level travel time spent in this place.
 D = Time resting spent in this place.
 E = Time spent auto-exploring this place.
 F = Levels seen in this place.
 G = Mean time per level.
                   A        B        C        D        E       F      G
               +--------+--------+--------+--------+--------+-----+--------+
         Total |  12831 |  12538 |    293 |    674 |   9843 |  14 |  916.5 |
       Dungeon |  12098 |  11805 |    293 |    419 |   9525 |  12 | 1008.2 |
  Orcish Mines |     40 |     40 |      0 |      0 |      0 |   1 |   40.0 |
        Bailey |    692 |    692 |      0 |    255 |    318 |   1 |  692.0 |
               +--------+--------+--------+--------+--------+-----+--------+

Top non-repeatable levels by time:
     D:5: 1624 daAuts
     D:6: 1460 daAuts
    D:12: 1295 daAuts
     D:7: 1257 daAuts
     D:8: 1007 daAuts
     D:1: 1000 daAuts
    D:11: 872 daAuts
     D:4: 817 daAuts
     D:3: 789 daAuts
    D:10: 754 daAuts
  Bailey: 692 daAuts
     D:2: 615 daAuts
     D:9: 605 daAuts
   Orc:1: 40 daAuts
